 Dungeon Crawl Stone Soup version 0.20-a0-513-g02c11fc (webtiles) character file.

221 mopl the Slasher (level 5, 0/38 HPs)
             Began as a Barachian Skald on Jan 22, 2017.
             Was a Believer of Cheibriados.
             Killed from afar by an orc wizard (10 damage)
             ... with a magic dart
             ... on level 4 of the Dungeon.
             The game lasted 00:05:54 (3122 turns).

mopl the Slasher (Barachian Skald)                  Turns: 3122, Time: 00:05:55

Health: 0/38       AC:  6    Str: 14    XL:     5   Next: 98%
Magic:  0/8        EV: 12    Int: 19    God:    Cheibriados [**....]
Gold:   152        SH:  0    Dex: 14    Spells: 3/8 levels left

rFire    . . .     SeeInvis .   a - +0 falchion
rCold    . . .     Gourm    .   b - +0 leather armour
rNeg     . . .     Faith    +   (no shield)
rPois    +         Spirit   .   q - +1 helmet {Int+3}
rElec    .         Reflect  .   (no cloak)
rCorr    .         Harm     .   (no gloves)
MR       .....                  s - +0 pair of boots (curse)
Stlth    +.........             l - amulet of faith {!P}
Regen    0.2/turn               (no ring)
                                i - ring of poison resistance (curse)

@: infused (expiring), very slow
A: swims, slowness 1, strong legs 1
a: Hop, Bend Time, Renounce Religion


You were on level 4 of the Dungeon.
You worshipped Cheibriados.
Cheibriados was pleased with you.
You were not hungry.

You visited 1 branch of the dungeon, and saw 4 of its levels.

You collected 152 gold pieces.

Inventory:

Hand Weapons
 a - a +0 falchion (weapon)
Missiles
 j - 28 poisoned needles
Armour
 b - a +0 leather armour (worn)
 q - a +1 helmet of intelligence (worn)
 s - a cursed +0 pair of boots (worn)
Jewellery
 i - a cursed ring of poison resistance (left hand)
 l - an amulet of faith (around neck) {!P}
Potions
 f - a potion of curing
 g - a potion of lignification {!q}
 h - a potion of flight
 o - a potion of resistance
Books
 c - a book of Battle

   Spells                             Type                      Level
   a - Infusion                       Charms                       1
   b - Shroud of Golubria             Charms/Translocation         2
   c - Song of Slaying                Charms                       2
   d - Spectral Weapon                Hexes/Charms                 3
   e - Regeneration                   Charms/Necromancy            3
Comestibles
 d - 3 bread rations
 m - 2 meat rations
 n - a royal jelly


   Skills:
 - Level 2.1 Fighting
 * Level 5.8 Long Blades
 - Level 1.1 Armour
 + Level 2.5 Dodging
 - Level 2.0 Spellcasting
 + Level 3.3 Charms
 + Level 1.4 Invocations


You had 3 spell levels left.
You knew the following spells:

 Your Spells              Type           Power        Failure   Level  Hunger
a - Infusion              Chrm           ##..         8%          1    #......
b - Song of Slaying       Chrm           ##......     10%         2    ###....
f - Shroud of Golubria    Chrm/Tloc      #.........   17%         2    ###....


Dungeon Overview and Level Annotations

Branches:
Dungeon (4/15)
 Temple: D:4-7

Altars:
Cheibriados
Elyvilon
Qazlal
Xom
Zin

Annotations:
D:3 kuniqs's ghost, amateur BaBe


Innate Abilities, Weirdness & Mutations

You can swim through water.
You cover ground slowly.
You can hop short distances.


Message History

You hit the orc wizard.
The orc wizard is severely wounded.
The orc wizard hits you with a dagger. The orc wizard casts a spell at you.
The magic dart hits you! The orc hits you with a whip.
* * * LOW HITPOINT WARNING * * *
Unknown command.
You closely miss the orc wizard.
The orc wizard is severely wounded.
Your magical infusion is running out.
The orc wizard hits you with a dagger.
* * * LOW HITPOINT WARNING * * *
The orc hits you with a whip.
* * * LOW HITPOINT WARNING * * *
The orc wizard gestures wildly while chanting.
The orc wizard blinks!
You feel better.
The orc wizard points at you and mumbles some strange words.
The magic dart hits you!
You die...

#.. r #..#. #...# ...#
#..## #.# #...#
#.########### #..#
#.##......... #oo#
#.##.#######. ##@#
#.##.##### #. #.##
#.##.....# #.
#######..###.######.###.
......................#.
....####..##[####.###.#.
.. #..?o....# #.....#.
#.###.#############. #.#
#.>............. #.#
#############.#.


You could see an orc wizard and 2 orcs.

Vanquished Creatures
  An orc priest (D:3)
  Ijyb (D:2)
  An orc wizard (D:4)
  Robin (D:2)
  2 adders (D:2)
  2 worms
  5 dart slugs
  A leopard gecko (D:3)
  11 orcs
  5 giant cockroaches (D:2)
  15 goblins
  10 hobgoblins
  4 jackals (D:1)
  A ball python (D:1)
  9 bats
  2 frilled lizards
  4 kobolds (D:1)
  9 rats
84 creatures vanquished.

Notes
Turn   | Place    | Note
-------+----------+-------------------------------------------
     0 | D:1      | mopl the Barachian Skald began the quest for the Orb.
     0 | D:1      | Reached XP level 1. HP: 16/16 MP: 3/3
   140 | D:1      | Reached skill level 3 in Long Blades
   140 | D:1      | Reached XP level 2. HP: 16/22 MP: 5/5
   649 | D:1      | Reached XP level 3. HP: 25/27 MP: 6/6
   908 | D:2      | Noticed Ijyb
   923 | D:2      | Killed Ijyb
   923 | D:2      | Reached skill level 4 in Long Blades
   933 | D:2      | Learned a level 2 spell: Song of Slaying
   936 | D:2      | Learned a level 2 spell: Shroud of Golubria
   961 | D:2      | Reached XP level 4. HP: 33/33 MP: 7/7
  1298 | D:2      | Reached skill level 5 in Long Blades
  1778 | D:2      | Found a glowing silver altar of Zin.
  1780 | D:2      | Found a snail-covered altar of Cheibriados.
  1785 | D:2      | Found a stormy altar of Qazlal.
  1787 | D:2      | Became a worshipper of Cheibriados the Contemplative
  1812 | D:2      | Noticed Robin
  1820 | D:2      | Killed Robin
  1820 | D:2      | Reached XP level 5. HP: 30/38 MP: 0/8
  2234 | D:3      | Reached * piety under Cheibriados
  2520 | D:3      | Found a white marble altar of Elyvilon.
  2535 | D:3      | Found a shimmering altar of Xom.
  2661 | D:3      | Noticed kuniqs's ghost (amateur BaBe)
  2790 | D:3      | Reached skill level 1 in Invocations
  2954 | D:4      | Reached ** piety under Cheibriados
  3122 | D:4      | Killed from afar by an orc wizard

Vault maps used:
D:1:      saegor_arrival_simple_d, chequers_big_river
D:2:      gammafunk_temple_overflow_forgotten, uniq_iyjb, uniq_robin
D:3:      cheibrodos_helix_gallery, overflow_temple_1_default, xom_butterflies
D:4:      tgw_trog, serial_shops, shop, hangedman_abyss_or_decor_lesser_grid

Skill      XL: |  1  2  3  4  5 |
---------------+----------------+-----
Long Blades    | 3 4 5 |  5.8
Invocations    | 1 |  1.4
Fighting       | |  2.1
Armour         | |  1.1
Dodging        | |  2.5
Spellcasting   | |  2.0
Charms         | |  3.3

Action                   |  1- 3 |  4- 6 || total
-------------------------+-------+-------++-------
Melee: Falchion          |    76 |   184 ||   260
 Cast: Infusion          |     3 |    13 ||    16
       Shroud of Golubri |       |     1 ||     1
  Use: Scroll            |       |     8 ||     8
       Potion            |       |     1 ||     1
  Eat: Chunk             |     1 |     6 ||     7
Armor: Leather armour    |    27 |    45 ||    72
Dodge: Dodged            |    67 |    90 ||   157
       Rpst.: Falchion   |    22 |    22 ||    44
